 Dungeon Crawl Stone Soup version 0.18.1-6-gd335043 (webtiles) character file.

163 manyhoops the Skirmisher (level 5, -1/42 HPs)
             Began as a Demonspawn Fighter on May 18, 2016.
             Slain by a worker ant (4 damage)
             ... on level 4 of the Dungeon.
             The game lasted 00:03:29 (2210 turns).

manyhoops the Skirmisher (Demonspawn Fighter)       Turns: 2210, Time: 00:03:30

Health: -1/42      AC: 11    Str: 22    XL:     5   Next: 20%
Magic:  5/5        EV:  9    Int:  9    God:
Gold:   104        SH:  0    Dex: 13    Spells: 0 memorised, 4 levels left

rFire  . . .     SeeInvis .     a - +0 war axe
rCold  . . .     Gourm    .     b - +0 scale mail
rNeg   . . .     Faith    .     (no shield)
rPois  .         Spirit   .     (no helmet)
rElec  .         Dismiss  .     (no cloak)
rCorr  .         Reflect  .     s - +0 pair of gloves
SustAt .         Harm     .     i - +0 pair of boots
MR     .....                    o - amulet of regeneration
Stlth  ..........               (no ring)
                                (no ring)

@: mighty, lethally poisoned (-1 -> -1), not resistant to hostile enchantments,
extremely unstealthy
A: hooves 1, slimy green scales 1, demonic guardian 1
a: no special abilities


You were on level 4 of the Dungeon.
You were near starving.

You visited 1 branch of the dungeon, and saw 4 of its levels.

You collected 104 gold pieces.

Inventory:

Hand Weapons
 a - a +0 war axe (weapon)
Armour
 b - a +0 scale mail (worn)
 i - a +0 pair of boots (worn)
 s - a +0 pair of gloves (worn)
Jewellery
 o - an amulet of regeneration (around neck)
Scrolls
 c - a scroll of fog
 e - 2 scrolls of noise
 g - a scroll of magic mapping {unknown}
 k - 2 scrolls of remove curse {unknown}
 l - a scroll of teleportation {unknown}
 m - a scroll of enchant weapon {unknown}
 q - a scroll of amnesia {unknown}
 t - a scroll of recharging {unknown}
Potions
 n - a potion of curing
 p - a potion of invisibility
 r - a potion of brilliance {unknown}
 u - a potion of heal wounds {unknown}
 v - a potion of agility {unknown}
Comestibles
 f - 4 bread rations
 h - a fruit
 j - 2 royal jellies


   Skills:
 + Level 4.1 Fighting
 + Level 3.0 Axes
 + Level 3.9 Armour
   Level 2.6 Shields


You had 4 spell levels left.
You didn't know any spells.

Dungeon Overview and Level Annotations

Branches:
Dungeon (4/15)
 Temple: D:4-7

Altars:
Gozag
Vehumet


Innate Abilities, Weirdness & Mutations

You have large cloven feet.
You are partially covered in slimy green scales (AC +2).
A weak demonic guardian rushes to your aid.


Message History

The iguana bites you.
You hit the worker ant.
The worker ant is moderately wounded.
You closely miss the iguana.
The worker ant bites you but does no damage.
The iguana bites you. The worker ant bites you.
You are poisoned.
The worker ant poisons you!
You feel very mighty all of a sudden.
You feel sick. The iguana completely misses you.
The worker ant bites you but does no damage.
You barely miss the worker ant.
The worker ant is moderately wounded.
You slash the iguana!
The iguana is heavily wounded.
You feel sick. The worker ant bites you. The iguana misses you.
The iguana bites you!
* * * LOW HITPOINT WARNING * * *
The worker ant bites you.
You die...

## ..## #.[. #..#
# #..# #####.
##...#.#
......###la...#
?.......5@##.....
###.##..## ...
####.. ##.# ..##
....# #.###....
....####........
.. #.............
..##
#.............
...
##.............
#..
##..............


You could see an iguana, a worker ant and a friendly white imp.

Vanquished Creatures
  A gnoll (D:4)
  6 adders (D:2)
  A worm (D:2)
  A dart slug (D:1)
  2 giant geckos
  2 orcs (D:3)
  5 bats
  2 giant cockroaches
  3 goblins
  6 hobgoblins
  2 jackals (D:2)
  3 kobolds
  2 quokkas (D:4)
  4 giant newts
  4 rats
44 creatures vanquished.

Vanquished Creatures (collateral kills)
  A giant frog (D:4)
  An orc priest (D:3)
  An orc (D:3)
3 creatures vanquished.

Grand Total: 47 creatures vanquished

Notes
Turn   | Place    | Note
--------------------------------------------------------------
     0 | D:1      | manyhoops the Demonspawn Fighter began the quest for the Orb.
     0 | D:1      | Reached XP level 1. HP: 18/18 MP: 1/1
   251 | D:1      | Gained mutation: You have large cloven feet. [demonic ancestry]
   251 | D:1      | Reached XP level 2. HP: 20/24 MP: 2/2
   726 | D:2      | Gained mutation: A weak demonic guardian rushes to your aid. [demonic ancestry]
   726 | D:2      | Reached XP level 3. HP: 16/29 MP: 3/3
  1020 | D:2      | Reached XP level 4. HP: 14/36 MP: 4/4
  1377 | D:3      | Found a radiant altar of Vehumet.
  1520 | D:3      | Found an opulent altar of Gozag.
  2196 | D:4      | Noticed a giant frog
  2201 | D:4      | Killed a giant frog
  2201 | D:4      | Reached skill level 4 in Fighting
  2201 | D:4      | Gained mutation: You are partially covered in slimy green scales (AC +2). [demonic ancestry]
  2201 | D:4      | Reached XP level 5. HP: 31/42 MP: 5/5
  2210 | D:4      | Slain by a worker ant

Skill      XL: |  1  2  3  4 |
---------------+-------------+-----
Armour         | 3 |  3.9
Axes           | 2 3 |  3.0
Fighting       | 4 |  4.1
Shields        | |  2.6

Action                   |  1- 3 |  4- 6 || total
-------------------------+-------+-------++-------
Melee: War axe           |    90 |    69 ||   159
       Kick              |    18 |     9 ||    27
  Use: Scroll            |       |     4 ||     4
       Potion            |       |     1 ||     1
 Stab: Distracted        |       |     1 ||     1
  Eat: Fruit             |       |     2 ||     2
       Chunk             |       |     1 ||     1
Armor: Scale mail        |    59 |    51 ||   110
Dodge: Dodged            |    67 |    42 ||   109
